Map: Para Site LE

Players

StevenBonnel (PtitDrogo) - Winner!

  • Race: Protoss Protoss
  • League: Master
  • Spawn Location: 11:00

Cham

  • Race: Zerg Zerg
  • Spawn Location: 5:00

Event: WCS Montreal 2018

VOD

Have the link to the VOD?

Description

Time

  • Played on: Sept. 7, 2018, 5:09 p.m.
  • Length: 12:13

All games in this series

Show
View Real Time Build Order
Export as new Build Order

StevenBonnel Protoss - Winner!

Build Orders: 1 Gate Expand, Oracle Opening, Archon Immortal, Zealot Archon 

Get SALT Encoding   

  12  0:00  Probe  
  13  0:12  Probe  
  14  0:19  Pylon  
  14  0:25  Probe  
  15  0:33  Probe  
  15  0:41  Probe  
  16  0:44  Gateway  
  16  0:46  Assimilator  
  17  0:51  Probe  
  18  1:03  Probe  
  19  1:15  Probe  
  20  1:22  Nexus  
  20  1:32  Cybernetics Core  
  20  1:37  Probe  
  21  1:41  Assimilator  
  21  1:49  Probe  
  21  1:51  Pylon  
  22  2:01  Adept, Probe  
  23  2:13  Probe  
  26  2:17  Stargate  
  26  2:24  Warp Gate  
  26  2:25  Probe  
  27  2:30  Adept  
  27  2:31  Probe  
  27  2:33  Probe  
  30  2:39  Probe  
  30  2:41  Probe  
  32  2:49  Probe  
  34  2:52  Probe  
  34  2:53  Oracle  
  35  3:01  Probe  
  35  3:04  Probe  
  35  3:05  Stalker  
  42  3:10  Pylon  
  42  3:13  Probe  
  42  3:17  Gateway  
  43  3:23  Oracle  
  43  3:24  Probe  
  43  3:25  Probe  
  45  3:28  Pylon  
  48  3:36  Probe  
  48  3:37  Probe  
  50  3:48  Probe  
  51  3:49  Probe  
  51  3:55  Nexus  
  52  3:58  Pylon  
  52  4:00  Probe  
  53  4:03  Pylon  
  53  4:08  Probe  
  54  4:15  Assimilator x2  
  54  4:16  Probe  
  55  4:17  Robotics Facility  
  55  4:23  Probe  
  56  4:28  Zealot x2  
  58  4:38  Shield Battery  
  58  4:40  Probe  
  58  4:42  Probe  
  60  4:50  Twilight Council  
  60  4:52  Probe, Forge  
  60  4:54  Probe  
  60  4:56  Gateway x2  
  60  4:58  Gateway  
  62  5:00  Gateway  
  62  5:02  Observer  
  62  5:05  Probe  
  62  5:06  Protoss Ground Weapons Level 1, Charge  
  63  5:07  Probe x2  
  66  5:16  Sentry  
  66  5:17  Probe  
  66  5:19  Probe x2  
  66  5:20  Warp Prism  
  71  5:29  Probe  
  71  5:31  Probe x2  
  76  5:36  Pylon  
  76  5:41  Probe  
  76  5:42  Templar Archives  
  77  5:43  Probe  
  77  5:44  Probe  
  79  5:50  Assimilator x2  
  79  5:51  Shield Battery  
  79  5:52  Pylon  
  79  5:53  Probe  
  79  5:55  Probe  
  79  5:56  Probe, Zealot  
  84  6:05  Probe  
  84  6:07  Probe  
  84  6:11  Gateway  
  86  6:12  Immortal, Gateway x2, Probe  
  91  6:20  High Templar x2  
  91  6:25  Archon  
  95  6:26  High Templar x2, Zealot x2  
  95  6:27  Pylon  
  95  6:29  Pylon  
  95  6:31  Protoss Ground Weapons Level 2  
  103  6:33  Pylon  
  103  6:37  Archon  
  103  6:43  Pylon  
  103  6:47  Immortal  
  103  6:50  High Templar x2  
  111  6:54  Archon  
  111  6:56  Photon Cannon  
  111  6:57  Zealot x2  
  111  6:58  Zealot x2  
  119  7:02  Pylon  
  119  7:04  Pylon  
  119  7:13  Zealot x3  
  119  7:15  Pylon  
  125  7:16  Immortal  
  125  7:28  High Templar x2, Zealot x4  
  141  7:33  Archon  
  141  7:36  Zealot x2  
  141  7:37  Zealot  
  147  7:41  Nexus  
  147  7:43  Pylon  
  147  7:50  High Templar  
  147  7:51  High Templar  
  151  7:54  Archon  
  151  7:59  Zealot x5  
  151  8:01  Zealot x2  
  141  8:20  Zealot x5  
  141  8:21  Zealot x2  
  141  8:25  Immortal  
  153  8:37  Protoss Ground Armor Level 1  
  151  8:45  High Templar x4  
  151  8:46  Zealot x5  
  169  8:52  Archon x2  
  169  8:55  Immortal, Photon Cannon  
  173  9:13  Assimilator, Probe  
  173  9:15  Assimilator  
  174  9:17  Photon Cannon  
  174  9:19  Pylon  
  172  9:26  Zealot x8  
  172  9:27  Psionic Storm  
  172  9:28  Immortal  
  190  9:42  Zealot  
  192  9:49  Pylon  
  192  9:50  Photon Cannon  
  180  10:08  Zealot  
  180  10:09  Zealot x8  
  180  10:24  Observer  
  160  10:30  High Templar x7  
  170  10:38  Probe x3  
  170  10:41  Gateway  
  173  10:43  Gateway  
  173  10:45  Gateway  
  173  10:47  Probe  
  173  10:48  Gateway  
  174  10:50  Photon Cannon  
  174  10:51  Photon Cannon  
  174  10:53  Photon Cannon  
  174  11:04  High Templar x6  
  176  11:05  High Templar x2  
  176  11:08  Archon x3  
  176  11:09  Archon  
  176  11:10  Zealot  
  188  11:22  Nexus  
  188  11:25  Pylon  
  187  11:35  Zealot  
  187  11:36  Zealot x2  
  187  11:39  Zealot x5  
  199  11:41  Zealot  
  199  11:42  Zealot  
  191  12:00  Zealot x4  
  169  12:11  Zealot x2  
  169  12:12  Zealot x4  
Show
View Real Time Build Order
Export as new Build Order

Cham Zerg 

Build Orders: Hatch First 

Get SALT Encoding   

  12  0:00  Drone  
  13  0:07  Drone  
  14  0:18  Overlord  
  14  0:36  Drone  
  15  0:44  Hatchery  
  15  0:47  Drone  
  15  0:51  Drone  
  15  0:54  Drone  
  17  1:01  Drone  
  18  1:09  Extractor  
  17  1:15  Spawning Pool  
  17  1:17  Drone  
  17  1:20  Drone  
  18  1:30  Drone  
  19  1:48  Drone  
  20  1:56  Overlord  
  20  1:57  Drone  
  21  2:01  Queen x2  
  21  2:05  Zergling x2  
  21  2:08  Zergling x2  
  27  2:11  Metabolic Boost  
  27  2:17  Drone  
  27  2:18  Drone  
  29  2:25  Drone  
  29  2:29  Drone  
  31  2:40  Hatchery  
  30  2:45  Queen  
  30  2:49  Drone x2  
  34  2:54  Overlord  
  34  2:58  Spore Crawler  
  34  3:02  Spore Crawler  
  34  3:07  Drone  
  34  3:08  Spore Crawler  
  34  3:11  Drone x2  
  36  3:13  Zergling x2  
  36  3:14  Zergling x2  
  36  3:18  Drone x3  
  41  3:20  Drone  
  41  3:25  Overlord  
  43  3:27  Drone  
  43  3:30  Drone  
  44  3:40  Overlord  
  44  3:41  Lair  
  44  3:43  Overlord  
  44  3:45  Drone  
  44  3:46  Drone  
  46  3:48  Drone  
  46  3:52  Drone  
  48  3:56  Spore Crawler  
  48  3:58  Drone  
  48  4:05  Queen  
  48  4:06  Drone x2  
  48  4:07  Drone, Spore Crawler  
  52  4:13  Extractor x2  
  52  4:14  Extractor  
  52  4:15  Drone x4  
  53  4:20  Overlord  
  53  4:21  Drone  
  53  4:23  Drone  
  52  4:32  Queen  
  52  4:34  Zergling x6  
  54  4:39  Baneling Nest  
  54  4:40  Drone x2  
  55  4:45  Hydralisk Den  
  55  4:47  Drone  
  55  4:48  Drone x2  
  55  4:50  Drone  
  55  4:51  Drone x2  
  55  4:52  Drone  
  61  4:56  Drone x2  
  61  4:58  Drone  
  64  5:00  Drone  
  64  5:01  Drone  
  64  5:05  Drone, Evolution Chamber  
  66  5:14  Overlord  
  66  5:17  Hydralisk x3  
  69  5:22  Hydralisk  
  69  5:23  Hydralisk  
  69  5:27  Overlord  
  73  5:29  Overlord  
  73  5:32  Zerg Melee Weapons Level 1  
  73  5:34  Hydralisk  
  75  5:41  Drone x3  
  75  5:42  Drone  
  79  5:44  Hydralisk  
  79  5:49  Drone x4  
  86  5:50  Drone x2  
  86  5:57  Baneling Nest  
  86  5:58  Grooved Spines  
  86  5:59  Drone x3  
  86  6:03  Drone x2  
  86  6:04  Drone  
  90  6:06  Drone  
  90  6:07  Drone  
  90  6:10  Overlord  
  92  6:12  Overlord  
  92  6:18  Hydralisk, Extractor  
  91  6:19  Extractor  
  91  6:24  Hydralisk x2  
  96  6:26  Overlord  
  96  6:29  Hydralisk  
  96  6:30  Hydralisk  
  100  6:37  Hatchery  
  99  6:41  Hydralisk x2  
  99  6:43  Hydralisk  
  99  6:46  Zergling x4  
  99  6:47  Zergling x2  
  108  6:49  Centrifical Hooks  
  108  6:50  Drone  
  108  6:52  Hydralisk  
  111  6:57  Zergling x8  
  111  7:00  Queen  
  117  7:05  Overlord  
  117  7:09  Muscular Augments  
  117  7:12  Drone  
  117  7:13  Drone x4  
  117  7:14  Overlord  
  122  7:16  Overlord  
  122  7:20  Overlord  
  122  7:25  Drone x5  
  122  7:26  Drone x2  
  122  7:28  Hydralisk  
  128  7:32  Zerg Melee Weapons Level 2, Drone  
  128  7:33  Drone  
  128  7:34  Drone x2  
  128  7:36  Drone  
  132  7:45  Zergling x8  
  132  7:49  Zergling x4  
  132  7:50  Hatchery  
  137  7:55  Baneling x7  
  137  7:56  Zergling x8  
  141  8:08  Zergling x2  
  141  8:12  Zergling x2, Hydralisk Den  
  136  8:16  Zergling x6  
  136  8:17  Zergling x2  
  136  8:19  Zergling x2  
  134  8:23  Baneling x8  
  134  8:24  Zergling x2  
  133  8:27  Baneling x4  
  133  8:29  Hydralisk x2  
  133  8:30  Zergling x4  
  133  8:32  Baneling x3  
  133  8:33  Zergling x4  
  139  8:34  Zergling x4  
  140  8:42  Hatchery  
  140  8:44  Zergling x4  
  141  8:55  Zergling x4  
  143  8:59  Zergling x2  
  143  9:00  Zergling x4  
  146  9:08  Zergling x6, Baneling Nest  
  143  9:14  Zergling x4  
  144  9:20  Zergling x2  
  144  9:27  Hatchery  
  144  9:28  Zergling x4  
  143  9:36  Zergling x2  
  143  9:37  Zergling x4  
  145  9:42  Zergling x8  
  147  9:45  Zergling x2  
  147  9:51  Zergling x2  
  147  9:52  Baneling x3  
  149  9:53  Baneling x15  
  149  9:54  Baneling  
  143  10:00  Zergling x4  
  143  10:03  Zergling x6  
  143  10:04  Baneling x3  
  143  10:05  Zergling x2  
  136  10:10  Drone x2  
  136  10:11  Drone x4  
  139  10:14  Hydralisk x2  
  139  10:16  Zergling x2  
  139  10:17  Hydralisk  
  142  10:21  Zergling x2  
  142  10:24  Zergling x2  
  142  10:25  Zergling x2  
  131  10:29  Drone  
  131  10:32  Zergling x2, Hatchery  
  131  10:34  Baneling x10  
  131  10:35  Baneling  
  129  10:37  Zergling x4  
  129  10:38  Zergling x2  
  129  10:41  Queen  
  133  10:47  Baneling x6  
  133  10:50  Zergling x6  
  133  10:51  Zergling x2  
  133  10:54  Zergling x2  
  138  10:57  Zergling x2  
  138  11:03  Baneling x8  
  137  11:07  Zergling x8  
  137  11:10  Zergling x4  
  142  11:18  Zergling x6  
  142  11:19  Zergling x4  
  142  11:20  Zergling x2  
  142  11:24  Zergling x2  
  148  11:25  Zergling x2  
  148  11:29  Baneling  
  148  11:30  Baneling x3  
  148  11:31  Baneling x4  
  146  11:33  Zergling x2  
  146  11:34  Zergling x2  
  146  11:37  Drone x2  
  146  11:38  Drone  
  140  11:50  Zergling x8  
  140  11:53  Baneling  
  141  11:57  Hatchery  
Tags
 
Add a new tag
Caveats
  • Supply blocks, unpowered buildings, or Contaminate may cause inaccurate times.
  • Supply counts are checked every 10 seconds.